 Dungeon Crawl Stone Soup version 0.18-a0-816-g97f838e (webtiles) character file.

9 ololoev the Charmwright (level 2, -1/19 HPs)
             Began as a High Elf Skald on Dec 15, 2015.
             Slain by a jackal (2 damage)
             ... on level 1 of the Dungeon.
             The game lasted 00:00:57 (660 turns).

ololoev the Charmwright (High Elf Skald)             Turns: 660, Time: 00:00:57

Health: -1/19      AC:  3    Str: 11    XL:     2   Next: 3%
Magic:  1/6        EV: 11    Int: 15    God:
Gold:   0          SH:  0    Dex: 14    Spells: 1 memorised, 4 levels left

rFire  . . .     SeeInvis .     a - +0 falchion
rCold  . . .     Clarity  .     b - +0 leather armour
rNeg   . . .     SustAt   .     (no shield)
rPois  .         Gourm    .     (no helmet)
rElec  .         Spirit   .     (no cloak)
rCorr  .         Dismiss  .     (no gloves)
rMut   .         Stasis   .     (no boots)
MR     .....                    (no amulet)
Stlth  +.........               (no ring)
                                (no ring)

@: infused, not resistant to hostile enchantments, very unstealthy
A: no striking features
a: no special abilities

Inventory:

Hand Weapons
 a - a +0 falchion (weapon)
Armour
 b - a +0 leather armour (worn)
Books
 c - a book of Battle

   Spells                             Type                      Level
   a - Infusion                       Charms                       1
   b - Shroud of Golubria             Charms/Translocation         2
   c - Song of Slaying                Charms                       2
   d - Spectral Weapon                Hexes/Charms                 3
   e - Regeneration                   Charms/Necromancy            3
Comestibles
 d - a bread ration


   Skills:
 + Level 2.2 Fighting
 * Level 2.8 Long Blades
 + Level 1.0 Armour
 - Level 1.1 Dodging
 - Level 2.4 Spellcasting
 + Level 3.9 Charms


You had 4 spell levels left.
You knew the following spells:

 Your Spells              Type           Power        Failure   Level  Hunger
a - Infusion              Chrm           ##....       6%          1    #......


You were on level 1 of the Dungeon.
You were not hungry.

You visited 1 branch of the dungeon, and saw 1 of its levels.

..........##
......†h...#
.....#####.# ..h.
#.## ...# ..h #..#
#..# ## ##.## #..#
#..# #..# ##h# #..#
#@###..# #..##..#
##.##..# ##
######..#..# ##.
...........#
#..#######........#
#...'....#........#
##..#...<#####)#..#
+..###### #.#..#

Notes
Turn   | Place    | Note
--------------------------------------------------------------
     0 | D:1      | ololoev the High Elf Skald began the quest for the Orb.
     0 | D:1      | Reached XP level 1. HP: 14/14 MP: 4/4
   390 | D:1      | Reached skill level 1 in Armour
   660 | D:1      | Reached XP level 2. HP: 1/19 MP: 0/6
   660 | D:1      | Slain by a jackal

Dungeon Overview and Level Annotations

Branches:
Dungeon (1/15)

Altars:


Message History

You begin infusing your attacks with magical energy.
The jackal bites you but does no damage.
The jackal stops to sniff the ground.
You hit the jackal.
The jackal is moderately wounded.
The jackal barely misses you. The jackal bites you.
You slash the jackal!
You kill the jackal!
You closely miss the hobgoblin. The hobgoblin barely misses you.
You barely miss the hobgoblin. The hobgoblin hits you.
You closely miss the hobgoblin. The hobgoblin hits you.
You are too injured to fight recklessly!
You are too injured to fight recklessly!
You are too injured to fight recklessly!
You are too injured to fight recklessly!
You are too injured to fight recklessly!
You are too injured to fight recklessly!
You are too injured to fight recklessly!
You are too injured to fight recklessly!
You are too injured to fight recklessly!
You are too injured to fight recklessly!
You are too injured to fight recklessly!
You are too injured to fight recklessly!
You are too injured to fight recklessly!
You are too injured to fight recklessly!
You are too injured to fight recklessly!
You are too injured to fight recklessly!
You are too injured to fight recklessly!
You are too injured to fight recklessly!
You hit the hobgoblin.
The hobgoblin is lightly wounded.
The hobgoblin closely misses you.
You closely miss the hobgoblin.
The hobgoblin is lightly wounded.
The hobgoblin hits you. x2
You hit the hobgoblin.
You kill the hobgoblin!
You have reached level 2!
The jackal bites you.
You die...

You could see a jackal.

Vanquished Creatures
  A goblin (D:1)
  2 hobgoblins (D:1)
  A jackal (D:1)
  2 bats (D:1)
  2 giant newts (D:1)
  A kobold (D:1)
9 creatures vanquished.

Action                   || total
-------------------------++-------
Melee: Falchion          ||    36
 Cast: Infusion          ||     2

Vault maps used:
D:1:      dpeg_arrival_short_road, st_stairs_6
